 Dungeon Crawl Stone Soup version 0.30.1-4-g462c640d31 (webtiles) character file.

Game seed: 420937540167478678

823 spardeous the Conjurer (level 7, -4/50 HPs)
             Began as a Demigod Conjurer on Aug 16, 2023.
             Killed from afar by an electric eel (10 damage)
             ... with a bolt of electricity
             ... on level 6 of the Dungeon.
             The game lasted 00:05:47 (6317 turns).

spardeous the Conjurer (Demigod Conjurer)           Turns: 6317, Time: 00:05:48

Health: -4/50      AC: 10    Str: 16    XL:     7   Next: 37%
Magic:  18/18      EV: 11    Int: 23    God:
Gold:   130        SH:  0    Dex: 12    Spells: 9/16 levels left

rFire   . . .        i - +2 short sword (venom)
rCold   . . .        (no shield)
rNeg    . . .        k - +0 ring mail
rPois   +            s - +2 helmet {Int+3}
rElec   .            (no cloak)
rCorr   .            j - +0 pair of gloves
SInv    +            B - +0 pair of boots
Will    .....        (no amulet)
Stlth   +            h - ring of poison resistance
HPRegen 0.28/turn    D - ring of see invisible
MPRegen 0.16/turn

%: no passive effects
@: no status effects
A: high MP 1, forlorn, divine attributes
a: no special abilities


You were on level 6 of the Dungeon.
You visited 1 branch of the dungeon, and saw 6 of its levels.

You collected 405 gold pieces.
You spent 275 gold pieces at shops.

Inventory:

Hand Weapons
 i - a +2 short sword of venom (weapon)
Armour
 a - a +0 robe
 j - a +0 pair of gloves (worn)
 k - a +0 ring mail (worn)
 s - a +2 helmet of intelligence (worn)
 x - a +0 tower shield
 B - a +0 pair of boots (worn)
Jewellery
 h - a ring of poison resistance (left hand)
 D - a ring of see invisible (right hand)
 E - an amulet of guardian spirit
 F - a ring of ice
Wands
 u - a wand of flame (13)
Scrolls
 d - 3 scrolls of magic mapping {unknown}
 e - 3 scrolls of teleportation {unknown}
 f - a scroll of fear {unknown}
 g - 3 scrolls of fog {unknown}
 l - a scroll of silence {unknown}
 m - a scroll of vulnerability {unknown}
 n - 4 scrolls of identify {unknown}
 o - a scroll of immolation {unknown}
 q - a scroll of acquirement {unknown}
 w - a scroll of enchant weapon {unknown}
 y - a scroll of brand weapon {unknown}
 A - a scroll of blinking {unknown}
Potions
 b - a potion of magic
 c - 2 potions of attraction {unknown}
 p - 3 potions of curing {unknown}
 r - a potion of ambrosia {unknown}
 t - a potion of brilliance {unknown}
 v - 2 potions of flight {unknown}
 z - 2 potions of lignification {unknown}
 C - a potion of mutation {unknown}
 G - a potion of might {unknown}
 H - a potion of degeneration {unknown}
 I - a potion of haste {unknown}


   Skills:
 - Level 1.7 Dodging
 - Level 1.7 Stealth
 + Level 5.3 Spellcasting
 + Level 6.7 Conjurations


You had 9 spell levels left.
You knew the following spells:

 Your Spells              Type           Power      Damage    Failure   Level
a - Magic Dart            Conj           100%       1d8       1%          1
b - Searing Ray           Conj           72%        2d7       1%          2
c - Iskenderun's Mystic   Conj/Tloc      21%        2d6       41%         4

Your spell library contained the following spells:

 Spells                   Type           Power      Damage    Failure   Level
 Dazzling Flash           Conj/Hex       42%        N/A       13%         3
 Blink                    Tloc           12%        N/A       26%         2
 Cigotuvi's Dreadful Rot  Necr/Pois/Air  12%        N/A       26%         2
 Fulminant Prism          Conj/Hex       10%        3d9       41%         4
 Vhi's Electric Charge    Tloc/Air       12%        N/A       45%         3
 Arcjolt                  Conj/Air       10%        1d20      77%         5
 Dispel Undead            Necr           6%         3d8       86%         4
 Manifold Assault         Tloc           6%         N/A       86%         4
 Death Channel            Necr           3%         N/A       100%        6
 Storm Form               Tmut/Air       3%         N/A       100%        7
 Maxwell's Capacitive Co  Air            3%         ∞         100%        8


Dungeon Overview and Level Annotations

Branches:
Dungeon (7/15)
 Temple: D:4-7

Shops:
D:6 *


Innate Abilities, Weirdness & Mutations

You have an increased reservoir of magic. (+10% MP)
You shall have no god before yourself.
Your divine heritage dramatically boosts your attributes as you level up.


Message History

You enter the shallow water.
Moving in this stuff is going to be slow.
You enter the shallow water.
Moving in this stuff is going to be slow.
An orc comes into view. It is wielding a +0 short sword.
The orc shouts!
An orc comes into view. It is wielding a +0 club.
There are monsters nearby!
There are monsters nearby!
There are monsters nearby!
There are monsters nearby!
There are monsters nearby!
There are monsters nearby!
No reachable target in view!
An orc and a black bear come into view.
The orc shouts! x2; The black bear growls angrily.
An electric eel comes into view.
An electric eel comes into view.
The electric eel shoots out a bolt of lightning at you!
The bolt of electricity hits the electric eel.
The electric eel completely resists.
The bolt of electricity hits you!
You take 7 damage, and have 43/50 hp.
The electric eel shoots out a bolt of lightning at you!
The bolt of electricity hits you.
The electric eel shoots out a bolt of lightning at you!
The bolt of electricity misses you.
You take 6 damage, and have 38/50 hp.
The electric eel shoots out a bolt of lightning at you!
The bolt of electricity hits you!
You take 7 damage, and have 31/50 hp.
The electric eel shoots out a bolt of lightning at you!
The bolt of electricity hits you! The bolt of electricity hits you.
* * * LOW HITPOINT WARNING * * *
The electric eel shoots out a bolt of lightning at you!
The bolt of electricity misses you. The bolt of electricity hits you!
* * * LOW HITPOINT WARNING * * *
You take 26 damage, and have 5/50 hp.
MASSIVE DAMAGE!!
The electric eel shoots out a bolt of lightning at you!
The bolt of electricity hits you!
You die...

~.#≈≈≈~o~# #.# .#
~S~≈≈~~~≈# P## #
≈~≈≈~~~o≈# ~.#..##
#~~~# ~~.~#.# #~S~#
.~~~~~~## #~~~#
#~~≈#.~~# #~~##
##.###.~## ##~#
#...#....# #####@##
.........###....##
.........'.'....#
.........#.'....#
.........###....##
#...#...~#######.##
##.###~~~#~## ##~#
#~~≈#~~.##~~####~~##
.≈≈≈~~.##≈~~#≈≈#~~~#


You could see an electric eel and an orc.

Vanquished Creatures
  A sky beast (D:6)
  2 ogres
  A phantom (D:6)
  An electric eel (D:6)
  3 howler monkeys (D:7)
  2 hounds
  A sleepcap (D:4)
  An iguana (D:6)
  4 gnolls (D:3)
  7 adders
  3 worms
  3 dart slugs
  10 orcs
  9 ball pythons
  12 endoplasms
  3 giant cockroaches
  10 hobgoblins
  7 jackals (D:2)
  2 quokkas (D:2)
  4 bats
  4 frilled lizards
  9 goblins
  5 kobolds
  5 rats
109 creatures vanquished.

Notes
Turn   | Place    | Note
-------+----------+-------------------------------------------
     0 | D:1      | spardeous the Demigod Conjurer began the quest for the Orb.
     0 | D:1      | Reached XP level 1. HP: 14/14 MP: 5/5
   324 | D:1      | Reached XP level 2. HP: 20/20 MP: 2/7
   642 | D:1      | Reached skill level 4 in Conjurations
  1160 | D:1      | Reached XP level 3. HP: 26/26 MP: 7/9
  1163 | D:1      | Learned a level 2 spell: Searing Ray
  2114 | D:2      | Reached XP level 4. HP: 33/33 MP: 5/11
  3215 | D:3      | Learned a level 4 spell: Iskenderun's Mystic Blast
  3842 | D:3      | Reached XP level 5. HP: 38/38 MP: 4/13
  3986 | D:3      | Reached skill level 5 in Conjurations
  4773 | D:4      | Noticed an ogre
  4863 | D:4      | Killed an ogre
  4864 | D:4      | Reached XP level 6. HP: 45/45 MP: 8/15
  5242 | D:4      | You fall into a shaft and drop 3 floors!
  5469 | D:7      | Reached skill level 6 in Conjurations
  5902 | D:6      | Found Esanuxt's Assorted Antiques.
  5905 | D:6      | Bought a scroll labelled LUAMMA KULEH for 25 gold pieces
  5906 | D:6      | Bought a lumpy peridot amulet for 125 gold pieces
  5906 | D:6      | Bought a twisted brass ring for 125 gold pieces
  5937 | D:6      | Reached XP level 7. HP: 50/50 MP: 14/17
  5948 | D:6      | Reached skill level 5 in Spellcasting
  6317 | D:6      | Killed from afar by an electric eel

Illustrated notes

Levels and vault maps discovered:
D:1:      psy_arrival_fountain, layout_loops_cross,
          hellmonk_ecumenical_altar_prayer_group, st_stairs_6, minmay_cupped
D:2:      layout_loops_corners, kennysheep_boxes
D:3:      layout_basic
D:4:      layout_basic, lemuel_zombie_altar_kikubaaqudgha
D:6:      wad_lake_hut, layout_loops_corners, minmay_temple_entry_offerings,
          serial_shops, nicolae_shop_real_fake_doors
D:7:      layout_loops_ring, mainiacjoe_overflow_paths, lightli_temple_of_fire

Skill      XL: |  1  2  3  4  5  6  7 |
---------------+----------------------+-----
Spellcasting   | 2 3 4 5 |  5.3
Conjurations   | 4 5 6 |  6.7
Dodging        | |  1.7
Stealth        | |  1.7

Action                     |  1- 3 |  4- 6 |  7- 9 || total
---------------------------+-------+-------+-------++-------
  Melee: Short sword       |     3 |       |       ||     3
   Cast: Magic Dart        |   103 |    73 |       ||   176
         Searing Ray       |     1 |    23 |     5 ||    29
 Armour: Robe              |     1 |       |       ||     1
         Ring mail         |     3 |     3 |     6 ||    12
  Dodge: Dodged            |     9 |    11 |     2 ||    22
